TOP OF THE 1ST |
---|
Portland Cards batting - Pitching for Jersey Shore D-Bags : RHP Martín Ramírez | Pitching: RHP Martín Ramírez | | Batting: LHB Troy Donaldson | 0-0: Ball 1-0: SOLO HOME RUN (Flyball, 9LD), Distance : 362 ft | Batting: RHB António Zúñiga | 0-0: SINGLE (Groundball, 4D) | Batting: LHB Jeff Daniels | 0-0: Swinging Strike 0-1: Ball 1-1: Foul Ball, location: 2F 1-2: Ball 2-2: Ball 3-2: Foul Ball, location: 2F 3-2: Foul Ball, location: 2F 3-2: Foul Ball, location: 2F 3-2: Foul Ball, location: 2F 3-2: Grounds into double play, 4-6-3 (Groundball, 4) | Batting: LHB Paul Mullins | 0-0: Called Strike 0-1: Called Strike 0-2: Foul Ball, location: 2F 0-2: Ball 1-2: SINGLE (Groundball, 4MD) | Batting: RHB Norm Francis | 0-0: Ball 1-0: Fielders Choice at 2nd, 6-4 (Groundball, 6) | Top of the 1st over - 1 run, 3 hits, 0 errors, 1 left on base; Portland 1 - Jersey Shore 0 | BOTTOM OF THE 1ST |
---|
Jersey Shore D-Bags batting - Pitching for Portland Cards : RHP Won-min Im | Pitching: RHP Won-min Im | | Batting: LHB Ed Murray | 0-0: Called Strike 0-1: Ball 1-1: Ball 2-1: Called Strike 2-2: Strikes out swinging | Batting: RHB Ricardo González | 0-0: Called Strike 0-1: Ball 1-1: Swinging Strike 1-2: Ball 2-2: Foul Ball, location: 2F 2-2: Ball 3-2: SINGLE (Flyball, 9S) | Batting: RHB Ben Morton | 0-0: Ball Ricardo González is caught stealing 2nd base 1-0: Swinging Strike 1-1: Called Strike 1-2: Ball 2-2: Strikes out looking | Bottom of the 1st over - 0 runs, 1 hit, 0 errors, 0 left on base; Portland 1 - Jersey Shore 0 | TOP OF THE 2ND |
---|
Portland Cards batting - Pitching for Jersey Shore D-Bags : RHP Martín Ramírez | Batting: LHB Chance Santry | 0-0: Ball 1-0: Fly out, F7 (Flyball, 7S) | Batting: RHB Mario Méndez | 0-0: Ground out 3-1 (Groundball, 34) | Batting: RHB Jesús Gutiérrez | 0-0: Called Strike 0-1: Swinging Strike 0-2: Ball 1-2: SINGLE (Line Drive, 78M) | Batting: RHB Willie Houk | 0-0: Ball 1-0: Ball 2-0: SINGLE (Line Drive, 78M) Jesús Gutiérrez to second | Batting: LHB Troy Donaldson | 0-0: Foul Ball, location: 2F 0-1: Ball 1-1: Swinging Strike 1-2: Strikes out swinging | Top of the 2nd over - 0 runs, 2 hits, 0 errors, 2 left on base; Portland 1 - Jersey Shore 0 | BOTTOM OF THE 2ND |
---|
Jersey Shore D-Bags batting - Pitching for Portland Cards : RHP Won-min Im | Batting: RHB Miguel Serna | 0-0: Foul Ball, location: 2F 0-1: Swinging Strike 0-2: Strikes out swinging | Batting: LHB António Cedeño | 0-0: Ball 1-0: Swinging Strike 1-1: Foul Ball, location: 2F 1-2: Foul Ball, location: 2F 1-2: Ball 2-2: Strikes out swinging | Batting: LHB Ray Bryant | 0-0: Ball 1-0: Ball 2-0: Ball 3-0: Base on Balls | Batting: RHB Francisco Sandoval | 0-0: Ball 1-0: Called Strike 1-1: Ball 2-1: Called Strike 2-2: Strikes out swinging | Bottom of the 2nd over - 0 runs, 0 hits, 0 errors, 1 left on base; Portland 1 - Jersey Shore 0 | TOP OF THE 3RD |
---|
Portland Cards batting - Pitching for Jersey Shore D-Bags : RHP Martín Ramírez | Batting: RHB António Zúñiga | 0-0: Ball 1-0: Swinging Strike 1-1: Called Strike 1-2: Ground out 6-3 (Groundball, 6M) | Batting: LHB Jeff Daniels | 0-0: Ball 1-0: Called Strike 1-1: SINGLE (Groundball, 4MD) | Batting: LHB Paul Mullins | 0-0: Swinging Strike 0-1: Foul Ball, location: 2F 0-2: Ball 1-2: Strikes out swinging | Batting: RHB Norm Francis | 0-0: Ball Wild Pitch! Jeff Daniels to second 1-0: Swinging Strike 1-1: Fly out, F6 (Line Drive, 6) | Top of the 3rd over - 0 runs, 1 hit, 0 errors, 1 left on base; Portland 1 - Jersey Shore 0 | BOTTOM OF THE 3RD |
---|
Jersey Shore D-Bags batting - Pitching for Portland Cards : RHP Won-min Im | Batting: RHB Kel Pierce | 0-0: Ball 1-0: SINGLE (Line Drive, 8LS) | Batting: RHB Lowie van den Bogaert | 0-0: Called Strike 0-1: Ball 1-1: Grounds into double play, 5-4-3 (Groundball, 56) | Batting: LHB Ed Murray | 0-0: Fly out, F9 (Flyball, 9LMF) | Bottom of the 3rd over - 0 runs, 1 hit, 0 errors, 0 left on base; Portland 1 - Jersey Shore 0 | TOP OF THE 4TH |
---|
Portland Cards batting - Pitching for Jersey Shore D-Bags : RHP Martín Ramírez | Batting: LHB Chance Santry | 0-0: Ground out 4-3 (Groundball, 4) | Batting: RHB Mario Méndez | 0-0: Called Strike 0-1: Ball 1-1: Ball 2-1: DOUBLE (Line Drive, 7LM) | Batting: RHB Jesús Gutiérrez | 0-0: Called Strike 0-1: SINGLE (Groundball, 6D) Mario Méndez to third Runner from 3rd tries for Home, SAFE, throw made home | Batting: RHB Willie Houk | 0-0: Called Strike 0-1: Ball 1-1: Swinging Strike 1-2: Ball 2-2: Ball 3-2: Strikes out swinging | Batting: LHB Troy Donaldson | 0-0: Called Strike 0-1: Swinging Strike Pickoff Throw by Catcher to First - Error! E2 Jesús Gutiérrez to second 0-2: Strikes out swinging | Top of the 4th over - 1 run, 2 hits, 1 error, 1 left on base; Portland 2 - Jersey Shore 0 | BOTTOM OF THE 4TH |
---|
Jersey Shore D-Bags batting - Pitching for Portland Cards : RHP Won-min Im | Batting: RHB Ricardo González | 0-0: Called Strike 0-1: Ball 1-1: Ball 2-1: Ground out 5-3 (Groundball, 56) | Batting: RHB Ben Morton | 0-0: Ball 1-0: Ball 2-0: Foul Ball, location: 2F 2-1: Ball 3-1: Foul Ball, location: 2F 3-2: Strikes out looking | Batting: RHB Miguel Serna | 0-0: Ball 1-0: Ball 2-0: Called Strike 2-1: SOLO HOME RUN (Line Drive, 7LD), Distance : 347 ft | Batting: LHB António Cedeño | 0-0: Ball 1-0: Called Strike 1-1: Called Strike 1-2: Foul Ball, location: 2F 1-2: Fly out, F9 (Flyball, 9) | Bottom of the 4th over - 1 run, 1 hit, 0 errors, 0 left on base; Portland 2 - Jersey Shore 1 | TOP OF THE 5TH |
---|
Portland Cards batting - Pitching for Jersey Shore D-Bags : RHP Martín Ramírez | Batting: RHB António Zúñiga | 0-0: Ball 1-0: Ball 2-0: Swinging Strike 2-1: Called Strike 2-2: Foul Ball, location: 2F 2-2: Fly out, F7 (Flyball, 7S) | Batting: LHB Jeff Daniels | 0-0: Ball 1-0: Called Strike 1-1: Ball 2-1: Foul Ball, location: 2F 2-2: Fly out, F8 (Flyball, 8LD) | Batting: LHB Paul Mullins | 0-0: Foul Ball, location: 2F 0-1: SINGLE (Groundball, 4D) | Batting: RHB Norm Francis | 0-0: Fly out, F7 (Flyball, 7) | Top of the 5th over - 0 runs, 1 hit, 0 errors, 1 left on base; Portland 2 - Jersey Shore 1 | BOTTOM OF THE 5TH |
---|
Jersey Shore D-Bags batting - Pitching for Portland Cards : RHP Won-min Im | Batting: LHB Ray Bryant | 0-0: Ball 1-0: Ball 2-0: Fly out, F9 (Flyball, 9) | Batting: RHB Francisco Sandoval | 0-0: Ball 1-0: Foul Ball, location: 2F 1-1: Ball 2-1: Called Strike 2-2: Strikes out swinging | Batting: RHB Kel Pierce | 0-0: Ball 1-0: SOLO HOME RUN (Flyball, 7D), Distance : 360 ft | Batting: RHB Lowie van den Bogaert | 0-0: Reached on error, E1 (Groundball, 13S) | Batting: LHB Ed Murray | 0-0: Ball 1-0: Called Strike 1-1: Ball 2-1: Ball 3-1: Base on Balls Lowie van den Bogaert to second | Batting: RHB Ricardo González | 0-0: Called Strike 0-1: Ball 1-1: Ball 2-1: Foul Ball, location: 2F 2-2: Foul Ball, location: 2F 2-2: 3-RUN HOME RUN (Line Drive, 7LD), Distance : 361 ft | Batting: RHB Ben Morton | 0-0: Ball 1-0: Foul Ball, location: 2F 1-1: Foul Ball, location: 2F 1-2: Fly out, F8 (Flyball, 8RXD) | Bottom of the 5th over - 4 runs, 2 hits, 1 error, 0 left on base; Portland 2 - Jersey Shore 5 | TOP OF THE 6TH |
---|
Portland Cards batting - Pitching for Jersey Shore D-Bags : RHP Martín Ramírez | Batting: LHB Chance Santry | 0-0: Called Strike 0-1: Foul Ball, location: 2F 0-2: SINGLE (Groundball, 4MD) | Pitching: RHP Alex Stanford | | Batting: RHB Mario Méndez | 0-0: Ball Wild Pitch! Chance Santry to second 1-0: Called Strike 1-1: Swinging Strike 1-2: Strikes out swinging | Batting: RHB Jesús Gutiérrez | 0-0: Ball 1-0: Called Strike 1-1: Swinging Strike 1-2: Strikes out swinging | Batting: RHB Willie Houk | 0-0: Called Strike 0-1: Ball 1-1: Foul Ball, location: 2F 1-2: Strikes out looking | Top of the 6th over - 0 runs, 1 hit, 0 errors, 1 left on base; Portland 2 - Jersey Shore 5 | BOTTOM OF THE 6TH |
---|
Jersey Shore D-Bags batting - Pitching for Portland Cards : RHP Won-min Im | Batting: RHB Miguel Serna | 0-0: Foul Ball, location: 2F 0-1: Fly out, F9 (Flyball, 9) | Batting: LHB António Cedeño | 0-0: SOLO HOME RUN (Line Drive, 9LD), Distance : 357 ft | Batting: LHB Ray Bryant | 0-0: Ball 1-0: Swinging Strike 1-1: Ball 2-1: Swinging Strike 2-2: Ball 3-2: Ground out 4-3 (Groundball, 4) | Batting: RHB Francisco Sandoval | 0-0: Foul Ball, location: 2F 0-1: Called Strike 0-2: Ball 1-2: Ball 2-2: Foul Ball, location: 2F 2-2: Ball 3-2: Ground out 5-3 (Groundball, 5L) | Bottom of the 6th over - 1 run, 1 hit, 0 errors, 0 left on base; Portland 2 - Jersey Shore 6 | TOP OF THE 7TH |
---|
Portland Cards batting - Pitching for Jersey Shore D-Bags : RHP Alex Stanford | Batting: LHB Troy Donaldson | 0-0: Ball 1-0: Called Strike 1-1: Ball 2-1: Ball 3-1: Foul Ball, location: 2F 3-2: Strikes out looking | Batting: RHB António Zúñiga | 0-0: Swinging Strike 0-1: Ball 1-1: Foul Ball, location: 2F 1-2: SINGLE (Groundball, 34D) | Batting: LHB Jeff Daniels | 0-0: 2-RUN HOME RUN (Flyball, 78XD), Distance : 398 ft | Pitching: LHP Ramón Ruíz | | Batting: LHB Paul Mullins | 0-0: Swinging Strike 0-1: Ball 1-1: Called Strike 1-2: Strikes out swinging | Batting: RHB Norm Francis | 0-0: Called Strike 0-1: Ground out 5-3 (Groundball, 56) | Top of the 7th over - 2 runs, 2 hits, 0 errors, 0 left on base; Portland 4 - Jersey Shore 6 | BOTTOM OF THE 7TH |
---|
Jersey Shore D-Bags batting - Pitching for Portland Cards : RHP Won-min Im | Pitching: LHP José Garza | | Batting: RHB Kel Pierce | 0-0: Foul Ball, location: 2F 0-1: Ball 1-1: Swinging Strike 1-2: Strikes out swinging | Batting: RHB Lowie van den Bogaert | 0-0: Called Strike 0-1: Ball 1-1: Called Strike 1-2: Ground out 1-3 (Groundball, 13) | Batting: LHB Ed Murray | 0-0: Ball 1-0: DOUBLE (Line Drive, 89D) | Batting: RHB Ricardo González | 0-0: Ground out 6-3 (Groundball, 6S) | Bottom of the 7th over - 0 runs, 1 hit, 0 errors, 1 left on base; Portland 4 - Jersey Shore 6 | TOP OF THE 8TH |
---|
Portland Cards batting - Pitching for Jersey Shore D-Bags : LHP Ramón Ruíz | Batting: LHB Chance Santry | 0-0: Called Strike 0-1: Foul Ball, location: 2F 0-2: Ball 1-2: Ball 2-2: Fly out, F4 (Line Drive, 4) | Batting: RHB Mario Méndez | 0-0: Ball 1-0: Ground out 3-1 (Groundball, 34) | Batting: RHB Jesús Gutiérrez | 0-0: Called Strike 0-1: Ball 1-1: Ball 2-1: DOUBLE (Line Drive, 89D) | Batting: RHB Willie Houk | 0-0: Ball 1-0: Fly out, F8 (Flyball, 8LXD) | Top of the 8th over - 0 runs, 1 hit, 0 errors, 1 left on base; Portland 4 - Jersey Shore 6 | BOTTOM OF THE 8TH |
---|
Jersey Shore D-Bags batting - Pitching for Portland Cards : LHP José Garza | Batting: RHB Ben Morton | 0-0: Ground out 5-3 (Groundball, 56S) | Batting: RHB Miguel Serna | 0-0: Fly out, F6 (Line Drive, 6M) | Batting: LHB António Cedeño | 0-0: Called Strike 0-1: Swinging Strike 0-2: Ball 1-2: Strikes out swinging | Bottom of the 8th over - 0 runs, 0 hits, 0 errors, 0 left on base; Portland 4 - Jersey Shore 6 | TOP OF THE 9TH |
---|
Portland Cards batting - Pitching for Jersey Shore D-Bags : LHP Ramón Ruíz | Pitching: RHP John Hall | | Batting: LHB Troy Donaldson | 0-0: Ball 1-0: Fly out, F9 (Flyball, 89S) | Batting: RHB António Zúñiga | 0-0: Called Strike 0-1: Swinging Strike 0-2: Ball 1-2: Foul Ball, location: 2F 1-2: Foul Ball, location: 2F 1-2: Strikes out swinging | Batting: LHB Jeff Daniels | 0-0: Ball 1-0: Called Strike 1-1: Ball 2-1: Ball 3-1: Foul Ball, location: 2F 3-2: Foul Ball, location: 2F 3-2: Base on Balls | Batting: LHB Paul Mullins | 0-0: Foul Ball, location: 2F 0-1: Called Strike 0-2: Strikes out swinging | Top of the 9th over - 0 runs, 0 hits, 0 errors, 1 left on base; Portland 4 - Jersey Shore 6 | |